 Dungeon Crawl Stone Soup version 0.31-a0-479-g91c9547826 (webtiles) character file.

Game seed: 2746042615057094038

95 Ethylacetat the Chopper (level 4, 0/24 HPs)
             Began as a Vine Stalker Monk on Aug 7, 2023.
             Was an Initiate of Gozag.
             Slain by an iguana (8 damage)
             ... on level 3 of the Dungeon.
             The game lasted 00:02:21 (2273 turns).

Ethylacetat the Chopper (Vine Stalker Monk)         Turns: 2273, Time: 00:02:22

Health: 0/24       AC:  2    Str: 15    XL:     4   Next: 66%
Magic:  0/8        EV: 13    Int: 10    God:    Gozag
Gold:   390        SH:  0    Dex: 23    Spells: 7/7 levels left

rFire   . . .        a - +0 hand axe
rCold   . . .        d - orb {light}
rNeg    . . .        b - +0 robe
rPois   .            (no helmet)
rElec   .            (no cloak)
rCorr   .            (no gloves)
SInv    .            (no boots)
Will    .....        (no amulet)
Stlth   +            q - +6 ring of dexterity
HPRegen 1.04/turn    (no ring)
MPRegen 0.11/turn

%: guardian spirit
@: glowing
A: fangs 2, regeneration 1, magic shield, antimagic bite, no potion heal 2
a: Renounce Religion, Potion Petition, Call Merchant, Bribe Branch


You were on level 3 of the Dungeon.
You worshipped Gozag.
Gozag was aware of your devotion.
You visited 1 branch of the dungeon, and saw 3 of its levels.

You collected 390 gold pieces.

Inventory:

Hand Weapons
 a - a +0 hand axe (weapon)
Missiles
 o - a throwing net
Armour
 b - a +0 robe (worn)
 d - an orb of light (worn)
Jewellery
 q - a +6 ring of dexterity (left hand)
Talismans
 g - a blade talisman
Scrolls
 e - 2 scrolls of identify {unknown}
 h - a scroll of blinking {unknown}
 m - a scroll of teleportation {unknown}
 p - a scroll of poison {unknown}
Potions
 c - 2 potions of ambrosia
 f - 3 potions of curing {unknown}
 i - 2 potions of heal wounds {unknown}
 j - a potion of mutation {unknown}
 k - 3 potions of berserk rage {unknown}
 l - 2 potions of lignification {unknown}
 n - a potion of might {unknown}
 r - a potion of invisibility {unknown}


   Skills:
 + Level 3.1 Fighting
 + Level 3.4 Axes
 - Level 2.4 Dodging
 * Level 2.0 Spellcasting
 * Level 1.4 Shapeshifting


You had 7 spell levels left.
You didn't know any spells.
Your spell library contained the following spells:

 Spells                   Type           Power      Damage    Failure   Level
 Tukima's Dance           Hex            1%         N/A       67%         3
 Passage of Golubria      Tloc           1%         N/A       97%         4
 Yara's Violent Unravell  Hex/Tmut       0%         3d3       100%        5


Dungeon Overview and Level Annotations

Branches:
Dungeon (3/15)

Altars:
Gozag


Innate Abilities, Weirdness & Mutations

You have extremely sharp teeth.
Your natural rate of healing is unusually fast.
When hurt, damage is shared between your health and your magic reserves.
Your bite disrupts and absorbs the magic of your enemies.
Potions cannot restore your health.


Message History

This square is lit by a halo.
There is a stone staircase leading down here.
You climb downwards.
There is a stone staircase leading up here.
f - 2 glowing sapphire potions (gained 1)
You now have 390 gold pieces (gained 8).
f - 3 glowing sapphire potions (gained 1)
An iguana comes into view.
The iguana hisses angrily.
An iguana is nearby!
Found a stone staircase leading up.
The iguana misses you.
You hit the iguana but do no damage. The iguana closely misses you.
The iguana bites you!
You hit the iguana.
The iguana is lightly wounded.
The iguana bites you!
You are too injured to fight recklessly!
You are too injured to fight recklessly!
You are too injured to fight recklessly!
You are too injured to fight recklessly!
You barely miss the iguana. You bite the iguana. You drain its power.
You feel invigorated.
The iguana is moderately wounded.
The iguana barely misses you.
You hit the iguana but do no damage.
The iguana is moderately wounded.
The iguana misses you.
You hit the iguana. You bite the iguana, but do no damage.
The iguana is moderately wounded.
The iguana barely misses you.
You hit the iguana but do no damage.
The iguana is moderately wounded.
The iguana bites you!
* * * LOW HITPOINT WARNING * * *
You hit the iguana but do no damage.
The iguana is moderately wounded.
The iguana bites you!
You die...
Your body crumbles into a pile of gold.

##. #.##.##.## # #.
#.#..##.# #.###.
#.#.###.# #.....##
#.#.###.####
#......####..........##
# #......#.####.....
##.#.##.####.#........##
#..........#.##########
...####@#..#.#
#.....l.....#
#.........###
######.....# ......#
#......# <......#
.......#


You could see an iguana.

Vanquished Creatures
  3 adders
  5 dart slugs
  3 ball pythons (D:1)
  4 endoplasms
  2 giant cockroaches (D:2)
  6 goblins
  6 hobgoblins
  4 jackals (D:2)
  2 quokkas (D:1)
  7 bats
  4 frilled lizards
  4 kobolds
  7 rats
57 creatures vanquished.

Notes
Turn   | Place    | Note
-------+----------+-------------------------------------------
     0 | D:1      | Ethylacetat the Vine Stalker Monk began the quest for the
                  | Orb.
     0 | D:1      | Reached XP level 1. HP: 11/11 MP: 2/2
   105 | D:1      | Reached XP level 2. HP: 16/16 MP: 3/3
   300 | D:1      | Found a faded altar of an unknown god.
   313 | D:1      | Prayed at the altar of an unknown god.
   313 | D:1      | Became a worshipper of Gozag Ym Sagoz the Greedy
   539 | D:1      | Reached skill level 1 in Spellcasting
   580 | D:1      | Reached XP level 3. HP: 10/19 MP: 3/5
  1301 | D:2      | Reached skill level 1 in Shapeshifting
  1409 | D:2      | Gained mutation: Your natural rate of healing is unusually
                  | fast. [Vine Stalker growth]
  1409 | D:2      | Reached XP level 4. HP: 24/24 MP: 7/7
  1850 | D:2      | You fall into a shaft and drop 1 floor!
  2273 | D:3      | Slain by an iguana

Illustrated notes

Levels and vault maps discovered:
D:1:      dpeg_arrival_subterranean_lakeside_camping, layout_loops_corners,
          hellmonk_ecumenical_altar_run_dry, minmay_misc_feat_rows
D:2:      layout_basic
D:3:      layout_loops_cross, lemuel_round_altar, uniq_ijyb

Skill      XL: |  1  2  3  4 |
---------------+-------------+-----
Axes           | 3 |  3.4
Spellcasting   | 1 2 |  2.0
Fighting       | 3 |  3.1
Shapeshifting  | 1 |  1.4
Dodging        | |  2.4

Action                     |  1- 3 |  4- 6 || total
---------------------------+-------+-------++-------
  Melee: Hand axe          |    86 |    40 ||   126
         Bite              |    24 |    14 ||    38
 Armour: Robe              |    12 |     4 ||    16
  Dodge: Dodged            |    58 |    26 ||    84

Table legend: (Time is in decaauts)
 A = Elapsed time spent in this place.
 B = Non-inter-level travel time spent in this place.
 C = Inter-level travel time spent in this place.
 D = Time resting spent in this place.
 E = Time spent auto-exploring this place.
 F = Levels seen in this place.
 G = Mean time per level.
                   A        B        C        D        E       F      G
               +--------+--------+--------+--------+--------+-----+--------+
         Total |   2290 |   2158 |    132 |      0 |   1814 |   3 |  763.3 |
       Dungeon |   2290 |   2158 |    132 |      0 |   1814 |   3 |  763.3 |
               +--------+--------+--------+--------+--------+-----+--------+

Top non-repeatable levels by time:
     D:1: 1214 daAuts
     D:2: 929 daAuts
     D:3: 146 daAuts
